 Dungeon Crawl Stone Soup version 0.19-a0-1732-g0b18a7b (webtiles) character file.

97 lmnt the Grasshopper (level 5, 0/35 HPs)
             Began as a Halfling Warper on Sept 30, 2016.
             Was an Initiate of Dithmenos.
             Slain by a gnoll
             ... wielding a +0 flail
              (11 damage)
             ... on level 2 of the Dungeon.
             The game lasted 00:10:49 (2213 turns).

lmnt the Grasshopper (Halfling Warper)              Turns: 2213, Time: 00:10:50

Health: 0/35       AC:  3    Str: 17    XL:     5   Next: 0%
Magic:  7/7        EV: 14    Int: 11    God:    Dithmenos [......]
Gold:   79         SH:  0    Dex: 14    Spells: 1 memorised, 6 levels left

rFire  . . .     SeeInvis .     k - +1 dagger (venom)
rCold  . . .     Gourm    .     b - +0 leather armour
rNeg   . . .     Faith    .     (shield restricted)
rPois  .         Spirit   .     (no helmet)
rElec  .         Dismiss  .     (no cloak)
rCorr  .         Reflect  .     (no gloves)
MR     .....     Harm     .     (no boots)
Stlth  ++........               (no amulet)
                                (no ring)
                                n - +4 ring of strength

@: no status effects
A: mutation resistance 1
a: Renounce Religion


You were on level 2 of the Dungeon.
You worshipped Dithmenos.
Dithmenos was noncommittal.
You were not hungry.

You visited 1 branch of the dungeon, and saw 2 of its levels.

You collected 79 gold pieces.

Inventory:

Hand Weapons
 a - a +0 hand axe
 k - a +1 dagger of venom (weapon)
Missiles
 e - 5 tomahawks of dispersal (quivered)
Armour
 b - a +0 leather armour (worn)
 m - a +0 ring mail
Jewellery
 n - a +4 ring of strength (left hand)
Scrolls
 d - 2 scrolls of blinking
 h - a scroll of fear {unknown}
 l - 2 scrolls of noise {unknown}
 o - a scroll of random uselessness {unknown}
 q - a scroll of remove curse {unknown}
Potions
 j - a potion of curing
 p - a potion of heal wounds {unknown}
Books
 c - a book of Spatial Translocations

   Spells                             Type                      Level
   a - Apportation                    Translocation                1
   b - Blink                          Translocation                2
   c - Shroud of Golubria             Charms/Translocation         2
   d - Portal Projectile              Translocation                3
   e - Teleport Other                 Translocation                3
   f - Passage of Golubria            Translocation                4
Comestibles
 g - 2 fruits
 i - a slice of pizza


   Skills:
 + Level 2.3 Fighting
 + Level 2.3 Short Blades
 + Level 2.3 Axes
 + Level 1.0 Throwing
 + Level 1.5 Armour
 + Level 2.2 Dodging
 + Level 1.0 Stealth
 + Level 1.7 Spellcasting
 + Level 4.1 Translocations


You had 6 spell levels left.
You knew the following spells:

 Your Spells              Type           Power        Failure   Level  Hunger
a - Apportation           Tloc           #.........   8%          1    ##.....


Dungeon Overview and Level Annotations

Branches:
Dungeon (2/15)

Altars:
Dithmenos


Innate Abilities, Weirdness & Mutations

You are small and have problems with some larger weapons.
You are somewhat resistant to further mutation.


Message History

You hit the rat but do no damage.
The rat is poisoned.
The rat barely misses you.
The gnoll hits you from afar with a spear.
The gnoll hits you but does no damage. The rat bites you.
You kill the rat!
Dithmenos accepts your kill.
You have reached level 5!
You feel agile. The gnoll closely misses you.
Your leather armour prevents you from hitting the gnoll.
The gnoll barely misses you.
You hit the gnoll.
The gnoll is severely wounded.
The gnoll hits you but does no damage. The gnoll closely misses you.
The gnoll closely misses you. The gnoll hits you with a spear!
You hit the gnoll.
The gnoll is poisoned.
The gnoll is moderately wounded.
The gnoll hits you with a flail!
You die...

.g....##.# ##r#####.# #.# #.#
##g#####.# ...g.r...###########
####### ...#####g..........#
#.....# ...#
#g###..####.###.....## .###
#.###..####.##.......## .#
#r#......@g...........# .#
#####.#.#..##.g§##........### ##
#...#.#.#..#.._.###.......[.# #
#..<#....)......###.....#.#.#
####...###.####.......##.##..#.#
#..<.......# #.......##.##.##.#
............###....(..##.##.##.#
...................<..##.......#
.......###.####.......#####.####


You could see 2 gnolls.

Vanquished Creatures
  Jessica (D:2)
  2 gnolls (D:2)
  An adder (D:2)
  An ooze (D:1)
  2 worms (D:2)
  A dart slug (D:2)
  2 leopard geckos
  A giant cockroach (D:1)
  3 goblins (D:1)
  2 hobgoblins (D:1)
  4 bats (D:1)
  7 frilled lizards
  5 kobolds
  3 rats (D:2)
35 creatures vanquished.

Notes
Turn   | Place    | Note
-------+----------+-------------------------------------------
     0 | D:1      | lmnt the Halfling Warper began the quest for the Orb.
     0 | D:1      | Reached XP level 1. HP: 14/14 MP: 3/3
   536 | D:1      | Reached XP level 2. HP: 15/19 MP: 4/4
   745 | D:1      | Reached XP level 3. HP: 21/24 MP: 5/5
  1096 | D:2      | Reached skill level 4 in Translocations
  1318 | D:2      | Found a shadowy altar of Dithmenos.
  1446 | D:2      | Noticed Jessica
  1455 | D:2      | Killed Jessica
  1455 | D:2      | Reached skill level 1 in Short Blades
  1455 | D:2      | Reached XP level 4. HP: 10/29 MP: 6/6
  2198 | D:2      | Reached skill level 1 in Stealth
  2201 | D:2      | Became a worshipper of Dithmenos the Shadowed
  2207 | D:2      | Reached XP level 5. HP: 20/35 MP: 7/7
  2213 | D:2      | Slain by a gnoll

Vault maps used:
D:1:      dpeg_arrival_stone_temple_mockup
D:2:      grunt_dithmenos_smoke, uniq_jessica

Skill      XL: |  1  2  3  4 |
---------------+-------------+-----
Fighting       | 2 |  2.3
Translocations | 4 |  4.1
Short Blades   | 1 2 |  2.3
Stealth        | 1 |  1.0
Axes           | |  2.3
Throwing       | |  1.0
Armour         | |  1.5
Dodging        | |  2.2
Spellcasting   | |  1.7

Action                   |  1- 3 |  4- 6 || total
-------------------------+-------+-------++-------
Melee: Hand axe          |    14 |       ||    14
       Dagger            |    52 |    44 ||    96
  Use: Potion            |       |     2 ||     2
  Eat: Bread ration      |       |     1 ||     1
Armor: Leather armour    |    21 |     8 ||    29
Dodge: Dodged            |    61 |    22 ||    83
